 Dungeon Crawl Stone Soup version 0.30-a0-622-gddc90eaa04 (webtiles) character file.

Game seed: 12433863511346039370

15 ryw the Grave Robber (level 2, -22/19 HPs)
             Began as a Human Necromancer on Jan 11, 2023.
             Killed by an exploding gnoll (38 damage)
             ... ignited by their inner flame
             ... on level 2 of the Dungeon.
             The game lasted 00:02:22 (864 turns).

ryw the Grave Robber (Human Necromancer)             Turns: 864, Time: 00:02:22

Health: -22/19     AC:  2    Str:  8    XL:     2   Next: 65%
Magic:  2/5        EV: 12    Int: 15    God:
Gold:   75         SH:  0    Dex: 13    Spells: 4/5 levels left

rFire   . . .      SeeInvis .    i - +2 dagger (venom)
rCold   . . .      Faith    .    (no shield)
rNeg    . . .      Spirit   .    a - +0 robe
rPois   .          Reflect  .    (no helmet)
rElec   .          Harm     .    (no cloak)
rCorr   .          Rampage  .    (no gloves)
Will    .....                    (no boots)
Stlth   ++                       (no amulet)
HPRegen 0.23/turn                (no ring)
MPRegen 0.09/turn                (no ring)

@: no status effects
A: no striking features
a: no special abilities


You were on level 2 of the Dungeon.
You visited 1 branch of the dungeon, and saw 2 of its levels.

You collected 75 gold pieces.

Inventory:

Hand Weapons
 g - a +1 hand axe of venom
 i - a +2 dagger of venom (weapon)
Armour
 a - a +0 robe (worn)
 m - a +0 ring mail
Jewellery
 k - a ring of see invisible
 o - an amulet of regeneration
Scrolls
 h - a scroll of teleportation {unknown}
 j - a scroll of blinking {unknown}
 l - 2 scrolls of amnesia {unknown}
 n - a scroll of butterflies {unknown}
Potions
 b - a potion of magic


   Skills:
 + Level 0.2 Fighting
 + Level 2.3 Dodging
 - Level 2.2 Stealth
 + Level 2.2 Spellcasting
 + Level 4.1 Necromancy


You had 4 spell levels left.
You knew the following spells:

 Your Spells              Type           Power      Damage    Failure   Level
a - Necrotise             Necr           56%        1d6       4%          1

Your spell library contained the following spells:

 Spells                   Type           Power      Damage    Failure   Level
 Vampiric Draining        Necr           14%        2d7       12%         3
 Animate Dead             Necr           14%        N/A       36%         4
 Call Canine Familiar     Summ           1%         N/A       54%         3
 Portal Projectile        Hex/Tloc       2%         N/A       54%         3
 Leda's Liquefaction      Hex/Erth       0%         N/A       91%         4
 Agony                    Necr           14%        N/A       73%         5


Dungeon Overview and Level Annotations

Branches:
Dungeon (2/15)

Altars:


Message History

Press: ? - help, Shift-Dir - straight line, f/p - gnoll
Aim: a gnoll, wielding a +0 club (heavily wounded, chance to affect: 78%)
The gnoll writhes in agony.
The gnoll hits you with a +0 club.
Casting: Necrotise (safe; 4% risk of failure)
Confirm with . or Enter, or press ? or * to list all spells.
Aiming: Necrotise (safe; 4% risk of failure)
Press: ? - help, Shift-Dir - straight line, f/p - gnoll
Aim: a gnoll, wielding a +0 club (almost dead, chance to affect: 78%)
The gnoll barely resists.
The gnoll misses you.
Something bites the plant.
The plant begins to die.
Casting: Necrotise (safe; 4% risk of failure)
Confirm with . or Enter, or press ? or * to list all spells.
Aiming: Necrotise (safe; 4% risk of failure)
Press: ? - help, Shift-Dir - straight line, f/p - gnoll
Aim: a gnoll, wielding a +0 club (almost dead, chance to affect: 78%)
The gnoll barely resists.
The gnoll hits you with a +0 club.
As you read the scroll labelled DAROAL BYTIW, it crumbles to dust.
Your body is wracked with pain!
The gnoll convulses! x3; The kobold convulses!
It was a scroll of torment.
The gnoll closely misses you.
As you read the scroll labelled ZALUWK FELUIF, it crumbles to dust.
It is a scroll of identify.
f - a potion of curing The gnoll hits you with a +0 club.
* * * LOW HITPOINT WARNING * * *
As you read the scroll labelled MAICUAXEUN, it crumbles to dust.
The creatures around you are filled with an inner flame!
It was a scroll of immolation.
The gnoll barely misses you.
You feel better. The gnoll hits you with a +0 club.
The gnoll attacks as you move away! The gnoll hits you with a +0 club.
* * * LOW HITPOINT WARNING * * *
It was a potion of heal wounds.
You feel much better. The gnoll barely misses you.
The gnoll attacks as you move away! The gnoll hits you with a +0 club.
You hit the gnoll.
Flame seeps out of the gnoll.
The gnoll is almost dead.
The gnoll is engulfed in blazing flames.
The gnoll explodes!
The fiery explosion engulfs the gnoll!!
The fiery explosion engulfs you!!!
Ouch! That really hurt!
You die...

........##......
#######....###..
######..######.#
##......#....##.#
#..######.(..##.#
#.## #.......# #.#
#..#§§..## ###.#
#.##○##.g#########
###...####
#.##@###..K...Kg.###
#........# #.##.#
#########.?.#
#........# #.##.#
###.#
#........###..#..#
...
#..........[......
P..
#.....###.....####


PPP #.##.#..<..#### K.g .. #...###.# ... . #..### .# ... There were no monsters
in sight!

Vanquished Creatures
  2 gnolls (D:2)
  A dart slug (D:1)
  2 ball pythons (D:1)
  A bat (D:1)
  An endoplasm (D:1)
  2 hobgoblins (D:1)
  2 kobolds (D:1)
  2 rats
13 creatures vanquished.

Vanquished Creatures (collateral kills)
  A ball python (D:1)
1 creature vanquished.

Vanquished Creatures (others)
  7 plants (D:2)
7 creatures vanquished.

Grand Total: 21 creatures vanquished

Notes
Turn   | Place    | Note
-------+----------+-------------------------------------------
     0 | D:1      | ryw the Human Necromancer began the quest for the Orb.
     0 | D:1      | Reached XP level 1. HP: 13/13 MP: 3/3
   268 | D:1      | Reached XP level 2. HP: 19/19 MP: 1/5
   864 | D:2      | Killed by an exploding gnoll... ignited by their inner
                  | flame

Illustrated notes

Levels and vault maps discovered:
D:1:      dreamdust_arrival_beginning_and_end, layout_basic,
          minmay_misc_feat_nine_boxes
D:2:      layout_rooms, nicolae_grassy_gnolls

Action                   || total
-------------------------++-------
Melee: Dagger            ||     4
       Hand axe          ||     1
 Cast: Necrotise         ||    28
  Use: Scroll            ||     3
       Potion            ||     2
Armor: Robe              ||     1
Dodge: Dodged            ||     9

Table legend: (Time is in decaauts)
 A = Elapsed time spent in this place.
 B = Non-inter-level travel time spent in this place.
 C = Inter-level travel time spent in this place.
 D = Time resting spent in this place.
 E = Time spent auto-exploring this place.
 F = Levels seen in this place.
 G = Mean time per level.
                   A        B        C        D        E       F      G
               +--------+--------+--------+--------+--------+-----+--------+
         Total |    862 |    834 |     28 |     45 |    651 |   2 |  431.0 |
       Dungeon |    862 |    834 |     28 |     45 |    651 |   2 |  431.0 |
               +--------+--------+--------+--------+--------+-----+--------+

Top non-repeatable levels by time:
     D:1: 752 daAuts
     D:2: 109 daAuts
